Unix NetHack Version 3.7.0-62 Work-in-progress - last build Sep 4 2022 15:15:27 (19f23e9df9cc3a1919452eed5d8f743ebdc3eec5,branch:master). Game began 2022-09-11 21:16:56, ended 2022-09-11 21:35:19. adinthrae, lawful female human Valkyrie ----- #....| --------- #|....# |.......| #|..<|# |........## --------------####.....## |.......| # |............|# # |...|####----- |.......| ## |............|### |.... ###|...| -------|- # -------- |............|# ----- #|...| ## ## ###f@d-...!%.| |............|# #|...---- ##0## |?.[!.*| |.............# #|....... ## |(...!!| -------------- #.....>.| ### |.!.+..| |......| ## |?=?...| ----...| -.---.--------- |.?!=)?| |...| ###..............| -------- |....## |.............| ----- |.............| --------------- Adinthrae the Skirmisher St:18/03 Dx:13 Co:18 In:9 Wi:9 Ch:7 Lawful S:710 Dlvl:3 $:6 HP:0(42) Pw:1(1) AC:1 Xp:4/151 T:2286 Fainted Deaf Latest messages: You are frozen by the floating eye's gaze! The little dog picks up a cram ration. The little dog drops a cram ration. Valkyrie needs food, badly! You hear the chime of a cash register. You can move again. You miss the floating eye. You are frozen by the floating eye's gaze! You hear someone cursing shoplifters. You can move again. You miss the floating eye. You are frozen by the floating eye's gaze! The little dog misses the iguana. The little dog bites the iguana. The iguana bites the little dog. The little dog misses the iguana. The little dog bites the iguana. The little dog misses the iguana. The little dog bites the iguana. The iguana bites the little dog. The little dog misses the iguana. The little dog misses the iguana. The little dog misses the iguana. The little dog bites the iguana. The little dog bites the iguana. The iguana is killed! The little dog picks up a cram ration. The little dog drops a cram ration. You can move again. You kill the floating eye! You faint from lack of food. The kitten bites! The kitten bites! The kitten bites! The kitten bites! The kitten misses! The kitten just misses! The kitten bites! The kitten bites! The kitten bites! The kitten bites! The kitten misses! The kitten bites! The kitten bites! The kitten bites! The kitten bites! The kitten bites! The kitten bites! You die... Do you want your possessions identified? [ynq] (y) Inventory: Coins $ - 6 gold pieces Weapons e - 7 +0 darts b - a +0 dagger (alternate weapon; not wielded) a - a +1 spear (weapon in hand) Armor c - an uncursed +3 small shield (being worn) n - an uncursed +0 elven mithril-coat (being worn) Comestibles g - an uncursed slime mold m - 3 uncursed food rations h - an uncursed fortune cookie Scrolls p - an uncursed scroll of amnesia l - an uncursed scroll of confuse monster y - a blessed scroll of identify j - a cursed scroll of identify Potions k - an uncursed potion of healing w - an uncursed potion of object detection i - an uncursed potion of see invisible z - an uncursed potion of water Wands C - a wand of lightning (0:7) Tools f - an empty cursed bag of holding u - a magic marker (0:53) q - an uncursed tallow candle A - an uncursed tin whistle r - an uncursed towel o - an uncursed wax candle Gems/Stones x - an uncursed amber stone Adinthrae the Valkyrie's attributes: Background: You were a Skirmisher, a level 4 human Valkyrie. You were lawful, nominally on a mission for Tyr who was opposed by Odin (neutral) and Loki (chaotic). You were in the Dungeons of Doom, on level 3. You entered the dungeon 2286 turns ago. There was a full moon in effect when your adventure ended. You had 151 experience points, 9 more were needed to attain level 5. Your score was 710 before end-of-game adjustments. Basics: You had 0 out of 42 hit points. You had 1 out of 1 energy points (spell power). Your armor class was 1. Your wallet contained 6 zorkmids. Autopickup was off. Final Characteristics: Your strength was 18/03 (base:18/04, limit:18/100). Your dexterity was 13 (limit:18). Your constitution was 18 (limit:18). Your intelligence was 9 (limit:18). Your wisdom was 9 (limit:18). Your charisma was 7 (limit:18). Final Status: You were deaf. You were fainted due to starvation. You were unencumbered. You were wielding a spear. You had basic skill with spear. Final Attributes: You were piously aligned. You were cold resistant. You were stealthy. You were guarded. You were lucky. You are dead. Miscellaneous: You never encountered a bones level. Total elapsed playing time was 18 minutes and 22 seconds. Major events: Turn 1: adinthrae the lawful human Valkyrie entered the dungeon 837: entered the Gnomish Mines 859: attained the rank of Skirmisher (level 3) 2286: killed by a kitten, while fainted from lack of food Vanquished creatures: 2 gnome leaders a floating eye 4 dwarf zombies an iguana 2 coyotes 3 hobbits a hobgoblin 2 giant rats a green mold 8 gnomes 3 jackals a goblin 3 sewer rats 3 grid bugs 4 lichens a kobold zombie 4 newts 44 creatures vanquished. No species were genocided or became extinct. Voluntary challenges: You followed a strict vegan diet. You were an atheist. You were illiterate. You never engraved Elbereth. You never genocided any monsters. You never polymorphed an object. You never changed form. You used no wishes. Achievements: You entered the Gnomish Mines. You attained the rank of Skirmisher. You entered a shop. The Dungeons of Doom: levels 1 to 3 Level 1: A sink. Level 2: A fountain. Stairs down to The Gnomish Mines. Level 3: <- You were here. A general store. Final resting place for you, killed by a kitten, while fainted from lack of food. The Gnomish Mines: Level 3: Game over: ---------- / \ / REST \ / IN \ / PEACE \ / \ | adinthrae | | 6 Au | | killed by a | | kitten | | | | | | 2022 | *| * * * | * _________)/\\_//(\/(/\)/\//\/|_)_______ Farvel adinthrae the Valkyrie... You died in The Dungeons of Doom on dungeon level 3 with 710 points, and 6 pieces of gold, after 2286 moves. You were level 4 with a maximum of 42 hit points when you died.